 Dungeon Crawl Stone Soup version 0.21.1-1-g345015f (webtiles) character file.

217 xccam the Cutter (level 5, 0/67 HPs)
             Began as a Draconian Monk on Feb 25, 2018.
             Was a Believer of Ru.
             Slain by a hound (2 damage)
             ... on level 4 of the Dungeon.
             The game lasted 00:06:35 (3263 turns).

xccam the Cutter (Draconian Monk)                   Turns: 3263, Time: 00:06:36

Health: 0/67       AC: 22    Str: 13    XL:     5   Next: 61%
Magic:  5/5        EV:  2    Int: 11    God:    Ru [**....]
Gold:   221        SH:  0    Dex: 14    Spells: 4/4 levels left

rFire    . . .     SeeInvis .   a - +0 short sword
rCold    . . .     Gourm    .   (shield unavailable)
rNeg     + + +     Faith    .   (armour unavailable)
rPois    +         Spirit   .   (helmet currently unavailable)
rElec    .         Reflect  .   (cloak currently unavailable)
rCorr    .         Harm     .   (gloves currently unavailable)
MR       .....     NoTele   +   (boots currently unavailable)
Stlth    +++.......             (no amulet)
HPRegen  0.21/turn              (ring unavailable)
MPRegen  0.09/turn              (no ring)

@: tree-form
A: unfitting armour, missing a hand, AC +5
a: Renounce Religion


You were on level 4 of the Dungeon.
You worshipped Ru.
Ru was pleased with you.
You were not hungry.
You were a tree.
You visited 1 branch of the dungeon, and saw 4 of its levels.

You collected 221 gold pieces.

Inventory:

Hand Weapons
 a - a +0 short sword (weapon)
Wands
 g - a wand of acid (7)
 k - a wand of disintegration (15)
Scrolls
 c - 2 scrolls of identify
 e - 2 scrolls of teleportation
 f - a scroll of enchant weapon {unknown}
 h - 2 scrolls of random uselessness {unknown}
 j - 2 scrolls of remove curse
 l - 2 scrolls of enchant armour {unknown}
Potions
 i - a potion of might
 n - a potion of agility
Comestibles
 b - 10 rations
 m - 3 chunks of flesh


   Skills:
 - Level 3.2 Fighting
 + Level 5.0 Short Blades
 - Level 2.6 Dodging
 + Level 4.3 Stealth


You had 4 spell levels left.
You didn't know any spells.

Dungeon Overview and Level Annotations

Branches:
Dungeon (4/15)
 Temple: D:4-7

Altars:
Cheibriados
Ru


Innate Abilities, Weirdness & Mutations

((Your plain brown scales are hard. (AC +5)))
You cannot fit into any form of body armour.
((You are cold-blooded and may be slowed by cold attacks.))
You are missing a hand.


Message History

You feel sick.
The hound barks!
You barely miss the hound.
You feel sick. The hound bites you but does no damage.
You miss the hound. The hound bites you but does no damage.
You hit the hound.
The hound is lightly wounded.
The hound bites you but does no damage. x2
You closely miss the hound.
The hound is lightly wounded.
The hound bites you but does no damage.
You closely miss the hound.
The hound is lightly wounded.
The hound bites you but does no damage.
You hit the hound.
The hound is moderately wounded.
You feel sick.
You are no longer poisoned.
The hound bites you but does no damage. The hound bites you.
You die...

..#.##...
##..#.#....
#...#.....
#.#...#.#
##.......# [
##........#..
#...†.h......
#....♣.......
#...........>
#........?.##
##
#..........#
#.
##..?........
#
..........###
##
##..........#
#÷
#..........#
##
#..........#


You could see a hound.

Vanquished Creatures
  An orc wizard (D:3)
  A worker ant (D:4)
  6 gnolls
  3 adders
  An ooze (D:1)
  2 worms (D:2)
  A dart slug (D:1)
  A leopard gecko (D:2)
  3 orcs (D:3)
  A ball python (D:3)
  10 goblins
  7 hobgoblins
  2 jackals (D:2)
  5 kobolds
  A quokka (D:2)
  9 bats
  4 frilled lizards (D:1)
  10 rats
68 creatures vanquished.

Vanquished Creatures (others)
  A gnoll (D:2)
  An orc (D:3)
2 creatures vanquished.

Grand Total: 70 creatures vanquished

Notes
Turn   | Place    | Note
-------+----------+-------------------------------------------
     0 | D:1      | xccam the Draconian Monk began the quest for the Orb.
     0 | D:1      | Reached XP level 1. HP: 19/19 MP: 1/1
   167 | D:1      | Reached XP level 2. HP: 26/26 MP: 2/2
   918 | D:2      | Reached XP level 3. HP: 31/31 MP: 3/3
  1425 | D:2      | Found a sacrificial altar of Ru.
  1443 | D:2      | Became a worshipper of Ru the Awakened
  1460 | D:2      | Gained mutation: You are missing a hand. [Ru sacrifice]
  1460 | D:2      | Reached * piety under Ru
  1460 | D:2      | Reached ** piety under Ru
  1491 | D:2      | Found a faded altar of an unknown god.
  1589 | D:2      | Reached skill level 4 in Short Blades
  1842 | D:2      | Reached XP level 4. HP: 22/38 MP: 4/4
  2526 | D:3      | Reached XP level 5. HP: 44/45 MP: 5/5
  2869 | D:3      | Found a snail-covered altar of Cheibriados.
  3244 | D:4      | HP: 2/45 [adder (3)]
  3245 | D:4      | Reached skill level 5 in Short Blades
  3250 | D:4      | HP: 3/67 [poisoned by an adder]
  3258 | D:4      | HP: 2/67 [poisoned by an adder]
  3263 | D:4      | HP: 2/67 [poisoned by an adder]
  3263 | D:4      | Slain by a hound

Skill      XL: |  1  2  3  4  5 |
---------------+----------------+-----
Stealth        | 2 3 4 |  4.3
Short Blades   | 4 5 |  5.0
Fighting       | |  3.2
Dodging        | |  2.6

Action                   |  1- 3 |  4- 6 || total
-------------------------+-------+-------++-------
Melee: Short sword       |   126 |   113 ||   239
       Tailslap          |    16 |    18 ||    34
Invok: Sacrifice a Hand  |     1 |       ||     1
  Use: Potion            |       |     4 ||     4
       Scroll            |       |     4 ||     4
 Stab: Sleeping          |    14 |     5 ||    19
  Eat: Chunk             |     2 |     6 ||     8
Armor: Skin              |    18 |    23 ||    41
Dodge: Dodged            |    63 |    59 ||   122
